 Dungeon Crawl Stone Soup version 0.27.1-34-g3ba077fa99 (webtiles) character file.

Game seed: 3348827724916765153

4266 sankara the Grappler (level 10, -3/83 (86) HPs)
             Began as a Minotaur Transmuter on Jan 21, 2022.
             Was a Priest of Okawaru.
             Slain by a wight (12 damage)
             ... on level 9 of the Dungeon.
             The game lasted 00:27:39 (13308 turns).

sankara the Grappler (Minotaur Transmuter)         Turns: 13308, Time: 00:27:40

HP:   -3/83 (86)    AC:  2    Str: 16    XL:     10   Next: 10%
MP:   15/20         EV: 24    Int: 10    God:    Okawaru [***...]
Gold: 420           SH:  0    Dex: 18    Spells: 6/12 levels left

rFire    . . .     SeeInvis .     - Unarmed
rCold    . . .     Faith    +   (shield currently unavailable)
rNeg     . . .     Spirit   .   (armour currently unavailable)
rPois    x         Reflect  .   (helmet currently unavailable)
rElec    .         Harm     .   (cloak currently unavailable)
rCorr    .         Rampage  .   (gloves currently unavailable)
Will     .....                  (boots currently unavailable)
Stlth    ++........             D - amulet of faith
HPRegen  0.23/turn              G - ring of magical power
MPRegen  0.17/turn              (no ring)

@: spider-form (expiring), wereblooded, slowed, lightly drained, very slow
A: venomous fangs, tiny, (horns 2), (retaliatory headbutt)
a: End Transformation, Renounce Religion, Heroism


You were on level 9 of the Dungeon.
You worshipped Okawaru.
Okawaru was most pleased with you.
You were a venomous arachnid creature.
You visited 2 branches of the dungeon, and saw 10 of its levels.

You collected 495 gold pieces.
You spent 75 gold pieces at shops.

Inventory:

Hand Weapons
 b - a +0 hunting sling
Missiles
 f - 151 stones (quivered)
 x - 2 javelins
 B - 39 sling bullets
 C - a curare-tipped dart
Armour
 a - a +0 robe (melded)
 l - the +0 cloak of the Invisible Hand (melded) {Will+ Str+4 Stlth-}
   (You found it on level 7 of the Dungeon)

   Str:       It affects your strength (+4).
   Will:      It increases your willpower.
   Stlth:     It makes you less stealthy.
 y - a +1 pair of gloves (melded)
Jewellery
 g - a ring of ice
 v - an amulet of reflection
 D - an amulet of faith (around neck)
 F - an amulet of guardian spirit
 G - a ring of magical power (left front leg)
Wands
 p - a wand of flame (37)
 A - a wand of digging (4)
Scrolls
 d - a scroll of magic mapping {unknown}
 i - 2 scrolls of blinking
 r - 2 scrolls of enchant armour {unknown}
 s - a scroll of enchant weapon {unknown}
 u - a scroll of acquirement {unknown}
 w - a scroll of noise {unknown}
Potions
 c - a potion of attraction
 e - 2 potions of haste
 j - a potion of flight
 m - a potion of curing
 n - a potion of mutation
 o - a potion of cancellation
 z - a potion of berserk rage
 E - a potion of might
Miscellaneous
 h - a phial of floods


   Skills:
 + Level 7.6 Fighting
 + Level 7.2 Dodging
 + Level 8.8 Unarmed Combat
 - Level 1.5 Spellcasting
 + Level 6.7 Transmutations
 - Level 3.0 Poison Magic


You had 6 spell levels left.
You knew the following spells:

 Your Spells              Type           Power      Damage    Failure   Level
a - Beastly Appendage     Tmut           28%        N/A       8%          1
b - Wereblood             Tmut           14%        N/A       11%         2
c - Spider Form           Tmut/Pois      5%         N/A       30%         3

Your spell library contained the following spells:

 Spells                   Type           Power      Damage    Failure   Level
 Searing Ray              Conj           0%         3d3       67%         2
 Ice Form                 Ice/Tmut       7%         N/A       82%         4
 Call Canine Familiar     Summ           0%         N/A       86%         3
 Portal Projectile        Hex/Tloc       0%         N/A       86%         3
 Vampiric Draining        Necr           0%         2d6       86%         3
 Leda's Liquefaction      Hex/Erth       0%         N/A       99%         4
 Bolt of Magma            Conj/Fire/Erth 0%         4d4       100%        5
 Summon Forest            Summ/Tloc      0%         N/A       100%        5
 Summon Mana Viper        Hex/Summ       0%         N/A       100%        5
 Shadow Creatures         Summ           N/A        N/A       100%        6
 Statue Form              Tmut/Erth      4%         N/A       100%        6


Dungeon Overview and Level Annotations

Branches:
Dungeon (9/15)             Temple (1/1) D:7
   Lair: D:8-11         Orc: D:9-12

Altars:
Ashenzari
Cheibriados
Dithmenos
Elyvilon
Fedhas
Gozag
Hepliaklqana
Kikubaaqudgha
Makhleb
Nemelex Xobeh
Okawaru
Qazlal
Sif Muna
Trog
Uskayaw
Wu Jian
Xom
Yredelemnul
Zin
The Shining One

Shops:
D:1 (   D:2 **:(   D:4 ?!


Innate Abilities, Weirdness & Mutations

You are a venomous arachnid creature.
You have poisonous fangs.
You are tiny and dextrous.
Your spellcasting is less reliable in this form.
Your armour is entirely melded.
You are incapable of wielding weapons or throwing items.
((You have a pair of horns on your head.))
((You reflexively headbutt those who attack you in melee.))


Message History

Unknown command.
You bite the centaur!
You feel a bit better.
You kill the centaur!
Okawaru accepts your kill.
You maul the bullfrog!!
The bullfrog looks as sick as possible!
The bullfrog is almost dead.
You feel a bit better.
You kill the bullfrog!
Okawaru accepts your kill.
You hit the hornet but do no damage.
The hornet is poisoned.
The hornet stings you!
You feel yourself slow down.
An orc warrior comes into view. It is wielding a +0 hand axe.
You hit the hornet.
The hornet looks as sick as possible!
The hornet is lightly wounded.
The hornet completely misses you.
A wight comes into view. It is wielding a +3 war axe.
The hornet stings you!
You feel as though you will be slow longer.
You hit the hornet.
The hornet looks as sick as possible!
The hornet is severely wounded.
You hiss as the wereblood boils in your veins!
The hornet completely misses you. x2
Unknown command.
You closely miss the hornet.
The hornet is severely wounded.
The hornet completely misses you. The orc warrior completely misses you.
You hit the orc warrior but do no damage.
Your transformation is almost over.
You feel a bit better.
You kill the hornet!
Okawaru is honoured by your kill.
Okawaru will now gift you ammunition as you gain piety.
The orc warrior hits you with a +0 hand axe.
You hit the orc warrior but do no damage.
You feel like a meek peon again. The wight hits you with a +3 war axe!
You feel drained.
The orc warrior hits you with a +0 hand axe!!
* * * LOW HITPOINT WARNING * * *
The wight hits you with a +3 war axe!
You die...

#.######.# #.#
#.# #.# #.# #.#
#.# ###.# #.# #.#
#...# ##### ..#
#.####.#.###....#
#..
.................
#.
.##...###...##...
#.#. #.#.# #...
#so.#
.###.Dz###..... #
#.#. .#... #. .#
. .# .. .# ## #.
.. .# .. # .# #.
##


You could see a steam dragon, an orc warrior and a wight.

Vanquished Creatures
  2 hornets
  Sigmund (D:2)
  5 water moccasins
  4 orc warriors
  4 ogres
  2 black bears (D:5)
  6 centaurs
  A kobold brigand (D:7)
  3 bullfrogs
  A gnoll sergeant (D:6)
  9 killer bees
  6 wights
  A howler monkey (D:5)
  A bullfrog zombie (D:5)
  A centaur zombie (D:8)
  4 orc priests
  A hound (D:7)
  A gnoll shaman (D:9)
  A centaur skeleton (D:7)
  An iguana (D:6)
  6 orc wizards
  A killer bee zombie (D:6)
  A hound skeleton (D:5)
  A howler monkey zombie (D:9)
  16 gnolls
  6 adders
  A howler monkey skeleton (D:5)
  3 white imps
  An ufetubus (D:4)
  A worm (D:3)
  2 dart slugs (D:2)
  24 orcs
  3 ball pythons
  5 endoplasms
  2 giant cockroaches
  3 goblins
  8 hobgoblins
  4 jackals
  3 quokkas
  8 bats
  3 frilled lizards
  11 kobolds
  5 rats
173 creatures vanquished.

Notes
Turn   | Place    | Note
-------+----------+-------------------------------------------
     0 | D:1      | sankara the Minotaur Transmuter began the quest for the
                  | Orb.
     0 | D:1      | Reached XP level 1. HP: 16/16 MP: 1/1
   354 | D:1      | Found Vuhoqick's Weapon Emporium.
   407 | D:1      | Reached XP level 2. HP: 23/23 MP: 1/3
   410 | D:1      | Learned a level 2 spell: Wereblood
   767 | D:1      | Found a faded altar of an unknown god.
   941 | D:2      | Noticed Sigmund
  1028 | D:2      | Found Qinuf's Book Emporium.
  1201 | D:2      | Found Byoror's Assorted Antiques.
  1469 | D:2      | Reached skill level 4 in Unarmed Combat
  1469 | D:2      | Reached XP level 3. HP: 28/28 MP: 2/4
  1571 | D:2      | Found Zuaj's Assorted Antiques.
  1849 | D:2      | Found Yttesi's Antique Weapon Boutique.
  2340 | D:2      | Reached XP level 4. HP: 20/35 MP: 3/5
  2539 | D:2      | Learned a level 3 spell: Spider Form
  3249 | D:2      | Killed Sigmund
  3250 | D:2      | Reached skill level 5 in Unarmed Combat
  3250 | D:2      | Reached skill level 1 in Poison Magic
  3250 | D:2      | Reached XP level 5. HP: 20/40 MP: 3/6
  3250 | D:2      | Reached XP level 6. HP: 23/47 MP: 3/7
  3697 | D:3      | Found a burning altar of Makhleb.
  3699 | D:3      | Noticed a blizzard demon
  3703 | D:3      | Noticed a hellwing
  3703 | D:3      | Noticed a hellwing
  3927 | D:3      | Found a broken altar of Ashenzari.
  4041 | D:4      | Found Semaac's Magic Scroll Shoppe.
  4046 | D:4      | Bought a scroll of blinking for 75 gold pieces
  4213 | D:4      | Found a snail-covered altar of Cheibriados.
  4463 | D:4      | Found Coboemat's Distillery.
  4979 | D:4      | Found a hide-covered altar of Uskayaw.
  5374 | D:4      | Reached XP level 7. HP: 53/53 MP: 5/8
  6461 | D:5      | Entered Level 5 of the Dungeon
  7108 | D:5      | Reached skill level 6 in Unarmed Combat
  7280 | D:5      | Found a sparkling altar of Nemelex Xobeh.
  7784 | D:5      | Reached XP level 8. HP: 62/63 MP: 5/9
  8740 | D:6      | Found an opulent altar of Gozag.
  8938 | D:6      | Found a stormy altar of Qazlal.
  9018 | D:6      | Reached skill level 5 in Transmutations
  9243 | D:6      | Got the Handbook of Harmful Unholy Magic
  9264 | D:6      | Identified the +2 dagger of the Forsaken Realms {freeze,
                  | rF++ rN+ Stlth+}
  9637 | D:7      | Reached skill level 7 in Unarmed Combat
  9680 | D:7      | Identified the +0 cloak of the Invisible Hand {Will+ Str+4
                  | Stlth-}
  9730 | D:7      | Reached skill level 5 in Fighting
  9735 | D:7      | Reached skill level 5 in Dodging
  9837 | D:7      | Found a staircase to the Ecumenical Temple.
  9846 | Temple   | Entered the Ecumenical Temple
  9898 | Temple   | Became a worshipper of Warmaster Okawaru
 10151 | D:7      | Reached XP level 9. HP: 46/74 MP: 4/10
 11055 | D:8      | Found a shadowy altar of Dithmenos.
 11125 | D:7      | Reached * piety under Okawaru
 11895 | D:8      | Reached skill level 8 in Unarmed Combat
 12169 | D:8      | Reached ** piety under Okawaru
 12317 | D:8      | Found a blossoming altar of Fedhas.
 12317 | D:8      | Found a glowing golden altar of the Shining One.
 13230 | D:9      | Reached XP level 10. HP: 86/86 MP: 11/11
 13307 | D:9      | Reached *** piety under Okawaru
 13308 | D:9      | Slain by a wight

Illustrated notes

Levels and vault maps discovered:
D:1:      lightli_arrival_boilingwater, layout_basic,
          dreamdust_ecumenical_altar_hidden_monk_grotto, serial_shops,
          nicolae_shop_stone
D:2:      layout_loops_cross, serial_shops, shop, nicolae_shop_waterfront,
          nicolae_diamond_shop, nicolae_shop_trees, hex_tiny, uniq_sigmund
D:3:      layout_basic, makhleb_altar_promises_db,
          ashenzari_conservatory_becter, chequers_arboretum
D:4:      layout_layer_cave, eat_drink_and_be_merry_uskayaw,
          mainiacjoe_overflow_small_starburst, serial_shops, shop_fountains,
          shop, dk_noncrumbling_3
D:5:      layout_basic, nemelex_dance_club_becter
D:6:      layout_basic, nicolae_gozag_cash_rules_everything_around_me,
          mainiacjoe_overflow_paths, chequers_serial_rivers_room_b
D:7:      layout_basic, minmay_temple_entry_enclosed_plants, lightli_minifort
D:8:      layout_basic, mainiacjoe_overflow_large_starburst,
          grunt_dithmenos_smoke_and_mirrors
D:9:      layout_small_grid, mainiacjoe_overflow_catwalk, minmay_starry_boxes
Temple:   eino_wide_crystal_templ

Skill      XL: |  1  2  3  4  5  6  7  8  9 |
---------------+----------------------------+-----
Transmutations | 2 3 4 5 6 |  6.7
Unarmed Combat | 4 5 6 7 8 |  8.8
Poison Magic   | 1 2 3 |  3.0
Fighting       | 3 5 7 |  7.6
Dodging        | 3 5 7 |  7.2
Spellcasting   | |  1.5

Action                   |  1- 3 |  4- 6 |  7- 9 | 10-12 || total
-------------------------+-------+-------+-------+-------++-------
Melee: Unarmed           |    73 |    79 |   313 |    14 ||   479
       Kick              |    15 |     3 |     4 |       ||    22
       Punch             |     2 |       |       |       ||     2
       Headbutt          |     4 |     4 |     5 |       ||    13
Throw: Stone             |       |     1 |       |       ||     1
 Cast: Beastly Appendage |    28 |     4 |     3 |       ||    35
       Spider Form       |       |    18 |    49 |     1 ||    68
       Wereblood         |       |       |     3 |     1 ||     4
Invok: Heroism           |       |       |     5 |     1 ||     6
 Abil: End Transformatio |       |       |     1 |       ||     1
  Use: Scroll            |       |     4 |     7 |       ||    11
       Potion            |       |       |     6 |       ||     6
 Stab: Distracted        |       |       |     1 |       ||     1
Armor: Robe              |    14 |     2 |     5 |       ||    21
       Skin              |       |     1 |     9 |     1 ||    11
Dodge: Dodged            |    52 |    65 |   316 |    26 ||   459
Block: Other             |       |       |    34 |       ||    34
       Reflection        |       |       |     1 |       ||     1
